 Dungeon Crawl Stone Soup version 0.28.0 (webtiles) character file.

Game seed: 11669041361295998727

64 catcat the Sneak (level 3, -1/18 HPs)
             Began as a Spriggan Earth Elementalist on Feb 13, 2022.
             Succumbed to a goblin's poison
             ... on level 1 of the Dungeon.
             The game lasted 00:06:45 (1818 turns).

catcat the Sneak (Spriggan Earth Elementalist)      Turns: 1818, Time: 00:06:46

Health: -1/18      AC:  2    Str:  4    XL:     3   Next: 91%
Magic:  8/8        EV: 17    Int: 18    God:
Gold:   76         SH:  0    Dex: 15    Spells: 2/8 levels left

rFire   . . .      SeeInvis +   n - +2 dagger (protect)
rCold   . . .      Faith    .   (no shield)
rNeg    . . .      Spirit   .   b - +0 robe
rPois   .          Reflect  .   (helmet restricted)
rElec   .          Harm     .   (no cloak)
rCorr   .          Rampage  .   (gloves unavailable)
Will    .....                   (boots unavailable)
Stlth   +++.......              (no amulet)
HPRegen 0.06/turn               (no ring)
MPRegen 0.11/turn               (no ring)

@: lethally poisoned (-1 -> -22), very quick
A: very small, no large weapons, unfitting armour, see invisible, speed 3
a: no special abilities


You were on level 1 of the Dungeon.
You visited 1 branch of the dungeon, and saw 2 of its levels.

You collected 76 gold pieces.

Inventory:

Hand Weapons
 d - a +0 club
 e - a +0 dagger
 n - a +2 dagger of protection (weapon)
Missiles
 c - 28 stones
 j - a throwing net
Armour
 b - a +0 robe (worn)
Magical Staves
 m - a staff of conjuration
Scrolls
 a - 2 scrolls of identify {unknown}
 k - a scroll of torment {unknown}
 o - a scroll of teleportation {unknown}
 p - a scroll of amnesia {unknown}
 q - a scroll of blinking {unknown}
Potions
 f - a potion of heal wounds {unknown}
 g - 2 potions of degeneration {unknown}
 h - a potion of might {unknown}
 i - 2 potions of flight {unknown}
 l - a potion of mutation {unknown}


   Skills:
 - Level 1.0 Fighting
 + Level 0.8 Short Blades
 - Level 3.0 Dodging
 + Level 5.0 Stealth
 - Level 3.1 Spellcasting
 - Level 1.3 Transmutations
 - Level 3.0 Earth Magic


You had 2 spell levels left.
You knew the following spells:

 Your Spells              Type           Power      Damage    Failure   Level
a - Sandblast             Erth           26%        2d8       4%          1
b - Passwall              Tmut/Erth      8%         N/A       10%         2
c - Stone Arrow           Conj/Erth      16%        3d8       26%         3

Your spell library contained the following spells:

 Spells                   Type           Power      Damage    Failure   Level
 Ensorcelled Hibernation  Hex/Ice        4%         N/A       24%         2
 Spider Form              Tmut/Pois      5%         N/A       36%         3
 Petrify                  Tmut/Erth      10%        N/A       54%         4
 Anguish                  Hex/Necr       1%         N/A       85%         4


Dungeon Overview and Level Annotations

Branches:
Dungeon (2/15)

Altars:

Shops:
D:2 *

Annotations:
D:2 Robin


Innate Abilities, Weirdness & Mutations

You are very small and have problems with some larger weapons.
You are too small for most types of armour.
You have supernaturally acute eyesight. (SInv)
You cover ground extremely quickly. (Speed+++)


Message History

The goblin hits you but does no damage.
You hit the goblin.
You kill the goblin!
Robin roars a battlecry!
The goblins go into a battle-frenzy!
You hit the goblin but do no damage. The hobgoblin misses you.
The goblin hits you but does no damage.
There is a stone staircase leading up here.
The hobgoblin closely misses you.
You climb upwards.
There is a stone staircase leading down here.
You hit the goblin.
You kill the goblin!
The hobgoblin closely misses you.
Your Stealth skill increases to level 5!
You hit the hobgoblin.
The hobgoblin is severely wounded.
You hit the hobgoblin but do no damage.
The hobgoblin is severely wounded.
The hobgoblin hits you.
You hit the hobgoblin.
You kill the hobgoblin!
No target in view!
No target in view!
You start resting.
HP restored.
You climb downwards.
Level annotation: Robin The goblin hits you with a +2 dagger of venom.
You are poisoned.
Robin roars a battlecry!
The goblin goes into a battle-frenzy!
The goblin misses you.
There is a stone staircase leading up here.
You feel very sick.
The goblin hits you with a +2 dagger of venom.
* * * LOW HITPOINT WARNING * * *
You are more poisoned.
You climb upwards.
You die...

#.....#..#.....### ##...#...#..
#..........(#.###### ####..#..#.
#....#...##†#......######...###.
#....###......##................
####..#################.......##
##......### #...##..##
######...### #.####....
#############...########)# ##.#.
..........#####.@##......#####...
...............).g.............#.
..........#######..###########...
####.#..............# #.....
#.............##.## #.##.#
###..........###..# #.##.#
#..........# ##.### #.##.#
#..........####...#####.##.#
#.......>)......#.......##.#


You could see a goblin (strong).

Vanquished Creatures
  2 adders (D:2)
  A dart slug (D:1)
  4 bats (D:1)
  5 endoplasms (D:1)
  11 goblins
  2 hobgoblins (D:1)
  A quokka (D:1)
  6 ball pythons
  4 frilled lizards (D:1)
  4 kobolds
  3 rats
43 creatures vanquished.

Notes
Turn   | Place    | Note
-------+----------+-------------------------------------------
     0 | D:1      | catcat the Spriggan Earth Elementalist began the quest for
                  | the Orb.
     0 | D:1      | Reached XP level 1. HP: 9/9 MP: 5/5
   574 | D:1      | Reached XP level 2. HP: 6/13 MP: 1/6
   728 | D:1      | Learned a level 2 spell: Passwall
  1079 | D:1      | Reached skill level 4 in Stealth
  1180 | D:1      | Reached XP level 3. HP: 17/17 MP: 8/8
  1190 | D:1      | Learned a level 3 spell: Stone Arrow
  1394 | D:2      | Identified the +2 helmet of Vanity {rElec}
  1394 | D:2      | Noticed Robin
  1423 | D:2      | Reached skill level 1 in Fighting
  1497 | D:2      | Found Hecrocwo's General Store.
  1799 | D:1      | Reached skill level 5 in Stealth
  1818 | D:1      | Succumbed to a goblin's poison

Illustrated notes

Levels and vault maps discovered:
D:1:      tarquinn_simple_flora_water_d, layout_rooms, hex_large,
          minmay_domino_4
D:2:      layout_basic, basic_altar, serial_shops, nicolae_lakefront_shop,
          uniq_robin, uniq_terence

Skill      XL: |  1  2  3 |
---------------+----------+-----
Dodging        | 3 |  3.0
Earth Magic    | 3 |  3.0
Spellcasting   | 3 |  3.1
Stealth        | 4 5 |  5.0
Fighting       | 1 |  1.0
Short Blades   | |  0.8
Transmutations | |  1.3

Action                   || total
-------------------------++-------
Melee: Club              ||    11
       Dagger            ||    73
       Punch             ||     2
 Cast: Sandblast         ||    24
 Stab: Sleeping          ||    12
Armor: Robe              ||    10
       Skin              ||    13
Dodge: Dodged            ||    58
